 Dungeon Crawl Stone Soup version 0.32-a0-900-g30fb1b0edc (webtiles) character file.

Game seed: 10268152252786726325

17068 MRVA the Carver (level 12, 0/97 HPs)
             Began as a Coglin Brigand on Apr 5, 2024.
             Was a Priest of Qazlal.
             Slain by a komodo dragon (7 damage)
             ... on level 1 of the Lair of Beasts.
             The game lasted 00:19:32 (14399 turns).

MRVA the Carver (Coglin Brigand)                   Turns: 14399, Time: 00:19:33

Health: 0/97       AC:  9    Str: 13    XL:     12   Next: 44%
Magic:  17/17      EV: 16    Int: 10    God:    Qazlal [***...]
Gold:   613        SH:  4    Dex: 20    Spells: 11/11 levels left

rFire   . . .        B - +4 scimitar {Yawen}
rCold   . . .        y - +2 long sword {Titus}
rNeg    . . .        g - +0 acid dragon scales
rPois   .            L - +1 helmet
rElec   .            c - +0 cloak
rCorr   +            (no gloves)
SInv    .            (no boots)
Will    .....        (amulet unavailable)
Stlth   ++           (ring unavailable)
HPRegen 0.36/turn    (ring unavailable)
MPRegen 0.15/turn    (no gizmo)

%: no passive effects
@: revved
A: off-hand wielding, slow wielding, warmup strikes, no jewellery
a: Invent Gizmo, Renounce Religion, Upheaval, Elemental Force


You were on level 1 of the Lair of Beasts.
You worshipped Qazlal.
Qazlal was most pleased with you.
You visited 3 branches of the dungeon, and saw 14 of its levels.

You collected 700 gold pieces.
You spent 87 gold pieces at shops.

Inventory:

Hand Weapons
 y - a +2 long sword (offhand) {Titus}
 A - a +0 scimitar {Arun}
 B - a +4 scimitar (weapon) {Yawen}
Missiles
 d - 57 poisoned darts (quivered)
 e - 4 curare-tipped darts {=f}
 K - 2 throwing nets {=f!f}
Armour
 c - a +0 cloak (worn)
 g - +0 acid dragon scales (worn)
 L - a +1 helmet (worn)
Wands
 f - a wand of charming (7)
 v - a wand of warping (5)
 F - a wand of flame (3)
Scrolls
 b - 2 scrolls of noise {!r}
 j - 2 scrolls of butterflies
 k - 2 scrolls of fog
 r - 6 scrolls of teleportation {@r4}
 t - 2 scrolls of enchant armour
 u - 4 scrolls of revelation
 w - 2 scrolls of fear
 x - a scroll of blinking {!r}
 E - 3 scrolls of immolation {!r!r}
 J - a scroll of torment {!r}
Potions
 a - a potion of enlightenment {unknown}
 h - 2 potions of berserk rage {!q}
 i - a potion of might {unknown}
 l - 2 potions of heal wounds {unknown}
 m - a potion of invisibility {unknown}
 n - 2 potions of mutation {unknown}
 p - a potion of cancellation {unknown}
 s - 5 potions of curing {@q1}
 z - 2 potions of brilliance {unknown}
 C - a potion of haste {unknown}
 G - a potion of degeneration {unknown}
 H - a potion of resistance {unknown}


   Skills:
 + Level 9.9 Fighting
 - Level 1.7(7.4) Short Blades
 + Level 12.3(12.4) Long Blades
 - Level 1.7 Throwing
 + Level 8.8 Dodging
 - Level 3.2 Stealth
 + Level 7.0 Invocations


You had 11 spell levels left.
You didn't know any spells.
Your spell library contained the following spells:

 Spells                   Type           Power      Damage    Failure   Level
 Cigotuvi's Dreadful Rot  Necr/Alch/Air  0%         N/A       63%         2
 Static Discharge         Conj/Air       0%         3-3/arc   63%         2
 Dazzling Flash           Conj/Hex       0%         N/A       86%         3
 Fugue of the Fallen      Necr           0%         N/A       86%         3
 Airstrike                Air            0%         2d(0-16)  99%         4
 Leda's Liquefaction      Alch/Erth      0%         N/A       99%         4
 Olgreb's Toxic Radiance  Alch           0%         N/A       99%         4
 Summon Lightning Spire   Summ/Air       0%         N/A       99%         4
 Starburst                Conj/Fire      0%         6d3       100%        6
 Maxwell's Capacitive Co  Air            0%         ∞         100%        8


Dungeon Overview and Level Annotations

Branches:
Dungeon (12/15)            Temple (1/1) D:5            Lair (1/5) D:9
    Orc (0/2) D:11

Altars:
Ashenzari
Cheibriados
Dithmenos
Elyvilon
Fedhas
Gozag
Hepliaklqana
Kikubaaqudgha
Makhleb
Nemelex Xobeh
Okawaru
Qazlal
Ru
Sif Muna
Trog
Uskayaw
Vehumet
Wu Jian
Xom
Yredelemnul
Zin
The Shining One

Shops:
D:4 ?   D:7 *


Innate Abilities, Weirdness & Mutations

You can wield a second weapon in your off-hand.
It takes a long time for you to wield or remove held weapons.
Your first few attacks do less damage.
You cannot equip rings or amulets.


Message History

The yak is engulfed in blazing flames.
The yak closely misses you. x2
You slash the yak with your +4 scimitar!
You kill the yak!
Qazlal accepts your kill. The yak barely misses you.
You hit the yak with your +2 long sword.
You slash the yak with your +4 scimitar!
The yak gores you! The yak completely misses you.
You closely miss the cane toad with your +4 scimitar.
You barely miss the cane toad with your +2 long sword.
The cane toad is engulfed in blazing flames.
The cane toad stings you but does no damage.
You closely miss the cane toad with your +2 long sword.
You hit the cane toad but do no damage. The yak gores you.
The yak is engulfed in freezing vapours.
The yak misses you. You block the cane toad's attack.
The yak is engulfed in a thunderstorm.
The yak gores you.
You closely miss the cane toad with your +4 scimitar.
You hit the cane toad with your +2 long sword.
The cane toad stings you!!
* * * LOW HITPOINT WARNING * * *
The yak misses you.
The yak is engulfed in freezing vapours.
The yak gores you but does no damage. The yak barely misses you.
You slash the cane toad with your +4 scimitar!
You hit the cane toad with your +2 long sword.
The komodo dragon bites you but does no damage.
The cane toad stings you.
* * * LOW HITPOINT WARNING * * *
The yak barely misses you.
The yak is engulfed in freezing vapours.
You kill the yak!
Qazlal accepts your kill.
The yak is engulfed in a thunderstorm.
You kill the yak!
Qazlal accepts your kill.
You hit the cane toad with your +4 scimitar.
You slice the cane toad with your +2 long sword!!
You kill the cane toad!
Qazlal accepts your kill. The komodo dragon bites you!!
* * * LOW HITPOINT WARNING * * *
Your Invocations skill increases to level 7!
You feel better. The yak gores you!
* * * LOW HITPOINT WARNING * * *
You block the komodo dragon's attack.
You feel better. The yak gores you.
* * * LOW HITPOINT WARNING * * *
The komodo dragon bites you!
You die...

.........##
..........###........
.........###.........
.........# #.........
........####.........
........# #..>.......
........###..........
.............☼§......
.......#.....@†......
......####..°Yl......
.###.. #P...........
#.. ##........... #.#
#..........## .#
##.#####.#..# #. ###
###.. ##


You could see a komodo dragon and a yak.

Vanquished Creatures
  3 boulder beetles (D:11)
  3 two-headed ogres
  Maurice (D:9)
  A cyclops (D:12)
  A manticore (D:12)
  A gargoyle (D:11)
  A cane toad (Lair:1)
  A komodo dragon (Lair:1)
  5 trolls
  2 polar bears (D:9)
  A shadow (D:12)
  3 slime creatures (D:11)
  2 wraiths
  Grum (D:11)
  16 yaks
  An acid dragon (D:10)
  5 water moccasins
  Duvessa (D:5)
  7 orc warriors
  A sky beast (D:8)
  4 ice beasts (D:9)
  2 black bears
  2 ogres
  5 centaurs
  4 wolves
  Blork the orc (D:5)
  6 kobold brigands
  2 bullfrogs
  3 gnoll sergeants (D:11)
  3 scorpions (D:6)
  8 wights (D:9)
  Dowan (D:5)
  10 killer bees
  2 electric eels (D:9)
  7 howler monkeys
  3 bombardier beetles
  3 hounds
  A jelly (D:6)
  5 orc priests
  2 sleepcaps
  5 iguanas
  6 orc wizards
  2 centaur simulacra (D:9)
  6 adders
  6 gnolls
  2 white imps
  2 ufetubi (D:9)
  2 dart slugs
  2 ribbon worms
  19 orcs
  7 ball pythons
  2 bats
  4 endoplasms
  3 giant cockroaches
  5 goblins
  12 hobgoblins
  8 jackals
  22 kobolds
  6 quokkas
  6 frilled lizards
  6 rats
  A butterfly (D:5)
265 creatures vanquished.

Vanquished Creatures (collateral kills)
  A cane toad (Lair:1)
  A yak (D:10)
  A water moccasin (D:5)
  A kobold brigand (D:9)
  A wight (D:9)
  A killer bee (D:9)
  A hound (D:5)
  An orc priest (D:5)
  A jelly (D:7)
  A shadow imp (D:7)
  An orc (D:5)
  A kobold (D:9)
12 creatures vanquished.

Vanquished Creatures (others)
  A black mamba (Lair:1)
  A rime drake (D:9)
  A shadow (D:9)
  An ice beast (D:9)
  2 wights (D:9)
  3 killer bees (D:11)
  A kobold (D:9)
10 creatures vanquished.

Grand Total: 287 creatures vanquished

Notes
Turn   | Place    | Note
-------+----------+-------------------------------------------
     0 | D:1      | MRVA the Coglin Brigand began the quest for the Orb.
     0 | D:1      | Reached XP level 1. HP: 16/16 MP: 1/1
    24 | D:1      | Reached skill level 1 in Long Blades
    94 | D:1      | Reached XP level 2. HP: 22/22 MP: 2/2
   230 | D:1      | Reached skill level 2 in Long Blades
   366 | D:1      | Reached XP level 3. HP: 27/27 MP: 3/3
   771 | D:2      | Reached skill level 3 in Long Blades
  1017 | D:2      | Reached XP level 4. HP: 12/33 MP: 4/4
  1260 | D:2      | Reached skill level 4 in Long Blades
  1786 | D:3      | Found a faded altar of an unknown god.
  1902 | D:3      | Reached XP level 5. HP: 38/38 MP: 5/5
  1924 | D:3      | Identified the +9 war axe "Kiaroq" {drain, *Corrode Str+5
                  | Int+8 SInv}
  2309 | D:4      | Found Bynai's Magic Scroll Boutique.
  2315 | D:4      | Bought a scroll of teleportation for 36 gold pieces
  2315 | D:4      | Bought a scroll of identify for 24 gold pieces
  2358 | D:4      | Found a glowing silver altar of Zin.
  2359 | D:4      | Found an iron altar of Okawaru.
  2522 | D:4      | Reached skill level 5 in Long Blades
  3107 | D:5      | Entered Level 5 of the Dungeon
  3121 | D:5      | Noticed a water moccasin
  3132 | D:5      | Killed a water moccasin
  3133 | D:5      | Reached skill level 6 in Long Blades
  3133 | D:5      | Reached XP level 6. HP: 22/44 MP: 6/6
  3425 | D:5      | Noticed Duvessa
  3426 | D:5      | Noticed Dowan
  3437 | D:5      | Killed Duvessa
  3438 | D:5      | Reached skill level 7 in Long Blades
  3438 | D:5      | Reached XP level 7. HP: 43/50 MP: 7/7
  3445 | D:5      | Killed Dowan
  3510 | D:5      | You fall into a shaft and drop 2 floors!
  3761 | D:7      | Found Dehirerph's Assorted Antiques.
  3769 | D:7      | Noticed a yak
  3772 | D:7      | Noticed a yak
  3775 | D:7      | Noticed a yak
  3775 | D:7      | Noticed a yak
  3925 | D:6      | Reached skill level 1 in Dodging
  3978 | D:6      | Reached skill level 8 in Long Blades
  4114 | D:6      | Reached XP level 8. HP: 47/57 MP: 8/8
  4118 | D:6      | Reached skill level 3 in Fighting
  4628 | D:6      | Reached skill level 3 in Dodging
  5011 | D:5      | Noticed Blork the orc
  5019 | D:5      | Killed Blork the orc
  5049 | D:5      | Reached skill level 9 in Long Blades
  5381 | D:5      | Reached XP level 9. HP: 65/67 MP: 9/9
  5563 | D:5      | Found a staircase to the Ecumenical Temple.
  5865 | Temple   | Found a transporter.
  5865 | Temple   | Found a transporter.
  5865 | Temple   | Found a transporter.
  5865 | Temple   | Found a transporter.
  5865 | Temple   | Entered the Ecumenical Temple
  5889 | Temple   | Became a worshipper of Qazlal Stormbringer
  6429 | D:7      | Reached skill level 1 in Invocations
  6647 | D:7      | Bought a scroll labelled NOBETE LESI for 27 gold pieces
  7084 | D:8      | Reached skill level 6 in Fighting
  7142 | D:8      | Reached * piety under Qazlal
  7641 | D:8      | Reached skill level 3 in Invocations
  7641 | D:8      | Reached XP level 10. HP: 64/77 MP: 12/12
  7740 | D:8      | Reached skill level 10 in Long Blades
  8262 | D:9      | Found a white marble altar of Elyvilon.
  8529 | D:9      | Reached skill level 6 in Dodging
  8687 | D:9      | Found a staircase to the Lair.
  8690 | D:9      | Noticed a two-headed ogre
  9707 | D:9      | Reached ** piety under Qazlal
  9712 | D:9      | Noticed Maurice
  9730 | D:9      | Something stole a +0 scimitar {Arun}
  9734 | D:9      | Something stole a +2 buckler
  9735 | D:9      | Something stole 125 gold
  9738 | D:9      | Something stole 196 gold
  9739 | D:9      | Killed Maurice
 10195 | D:9      | Killed a two-headed ogre
 10313 | D:10     | Entered Level 10 of the Dungeon
 10462 | D:10     | Reached XP level 11. HP: 86/86 MP: 14/14
 10485 | D:10     | Reached skill level 11 in Long Blades
 10825 | D:10     | Got the Volume of Spectral Vitriol
 11594 | D:11     | Noticed Grum
 11607 | D:11     | Killed Grum
 11784 | D:11     | Noticed a boulder beetle
 11808 | D:11     | Killed a boulder beetle
 12020 | D:11     | Noticed a boulder beetle
 12037 | D:11     | Killed a boulder beetle
 12104 | D:11     | Noticed a boulder beetle
 12115 | D:11     | Killed a boulder beetle
 12468 | D:11     | Found a staircase to the Orcish Mines.
 12650 | D:11     | Reached skill level 6 in Invocations
 12655 | D:11     | Reached *** piety under Qazlal
 12659 | D:11     | Reached skill level 9 in Fighting
 13222 | D:12     | Reached XP level 12. HP: 90/95 MP: 16/16
 13251 | D:12     | Noticed a two-headed ogre
 13257 | D:12     | Killed a two-headed ogre
 13451 | D:12     | Reached skill level 12 in Long Blades
 13725 | D:12     | Noticed a two-headed ogre
 13731 | D:12     | Killed a two-headed ogre
 14223 | Lair:1   | Entered Level 1 of the Lair of Beasts
 14399 | Lair:1   | Slain by a komodo dragon

Illustrated notes

Levels and vault maps discovered:
D:1:      saegor_arrival_simple_c, layout_loops_ring, minmay_box_of_dots
D:2:      layout_loops_ring
D:3:      layout_basic, ebering_ecumenical_altar_sacrificial,
          minmay_misc_feat_plants
D:4:      layout_basic, mainiacjoe_overflow_divided_tiny, serial_shops,
          nicolae_stop_n_shop_1
D:5:      layout_loops_corners, minmay_temple_entry_butterflies, uniq_duvessa,
          uniq_blork_the_orc
D:6:      layout_basic
D:7:      layout_cave_pools, serial_shops, nicolae_shop_just_a_little_nook
D:8:      layout_loops_ring
D:9:      layout_basic, elyvilon_altar_5, hellmonk_lair_entry_icy, serial_ice,
          serial_ice_b, serial_ice_n, serial_ice_h, serial_ice_d, serial_ice_f,
          serial_ice_k, serial_ice_m, serial_ice_e, uniq_maurice
D:10:     layout_basic
D:11:     layout_roguey, kennysheep_orc_monster_closet_entryway,
          dk_noncrumbling_3, uniq_grum
D:12:     layout_roguey
Temple:   hellmonk_temple_divided_pantheon
Lair:1:   layout_cave_pods, portal_ice_cave_entry_imps

Skill      XL: |  1  2  3  4  5  6  7  8  9 10 11 12 |
---------------+-------------------------------------+-----
Long Blades    | 1 2 3 4 6 7 8 9 10 11 12 | 12.3
Dodging        | 2 4 5 6 8 |  8.8
Fighting       | 4 6 7 9 |  9.9
Invocations    | 3 4 6 7 |  7.0
Short Blades   | |  1.7
Throwing       | |  1.7
Stealth        | |  3.2

Action                     |  1- 3 |  4- 6 |  7- 9 | 10-12 || total
---------------------------+-------+-------+-------+-------++-------
  Melee: Dagger            |   188 |   103 |   122 |     9 ||   422
         War axe           |       |    33 |   145 |     9 ||   187
         Scimitar          |       |       |       |   297 ||   297
         Long sword        |       |       |       |   286 ||   286
  Throw: Dart              |    12 |    98 |   104 |    86 ||   300
  Evoke: Wand              |       |       |     5 |    32 ||    37
    Use: Scroll            |       |       |    10 |     4 ||    14
         Potion            |       |       |       |     5 ||     5
   Stab: Sleeping          |     5 |     1 |       |       ||     6
         Distracted        |       |       |       |     1 ||     1
 Armour: Robe              |    49 |     9 |       |       ||    58
         Ring mail         |       |    43 |   106 |   126 ||   275
         Acid dragon scale |       |       |       |   127 ||   127
  Dodge: Dodged            |    51 |    23 |   105 |   214 ||   393
  Block: Other             |       |       |       |    41 ||    41

Table legend: (Time is in decaauts)
 A = Elapsed time spent in this place.
 B = Non-inter-level travel time spent in this place.
 C = Inter-level travel time spent in this place.
 D = Time resting spent in this place.
 E = Time spent auto-exploring this place.
 F = Levels seen in this place.
 G = Mean time per level.
                   A        B        C        D        E       F      G
               +--------+--------+--------+--------+--------+-----+--------+
         Total |  14362 |  13659 |    703 |   2809 |   8894 |  14 | 1025.9 |
       Dungeon |  14153 |  13469 |    684 |   2784 |   8796 |  12 | 1179.4 |
        Temple |     39 |     21 |     18 |      0 |      0 |   1 |   39.0 |
          Lair |    168 |    168 |      0 |     25 |     98 |   1 |  168.0 |
               +--------+--------+--------+--------+--------+-----+--------+

Top non-repeatable levels by time:
     D:9: 2331 daAuts
     D:5: 1638 daAuts
    D:11: 1617 daAuts
    D:10: 1267 daAuts
     D:6: 1242 daAuts
     D:8: 1109 daAuts
    D:12: 960 daAuts
     D:7: 901 daAuts
     D:2: 901 daAuts
     D:4: 801 daAuts
     D:3: 701 daAuts
     D:1: 680 daAuts
  Lair:1: 168 daAuts
  Temple: 39 daAuts
